[Event "*** Titled Tuesday Blitz"]
[Site "Chess.com"]
[Date "2018.07.03"]
[Round "3"]
[White "Max_Schachmann"]
[Black "BasilSmash"]
[Result "1/2-1/2"]
[WhiteElo "2657"]
[BlackElo "2427"]
[TimeControl "180+2"]
[EndTime "13:39:52 PDT"]
[Termination "Game drawn by repetition"]

1. e4 c6 2. d4 d5 3. exd5 cxd5 4. Bd3 Nc6 5. c3 Qc7 6. Ne2 Bg4 7. O-O Bh5 8. Qe1 Bg6 9. Nf4 Bxd3 10. Nxd3 e6 11.
Bf4 Bd6 12. Bxd6 Qxd6 13. Nd2 Nf6 14. f4 O-O 15. f5 Rae8 16. Qh4 e5 17. dxe5 Nxe5 18.
Nxe5 Rxe5 19. Kh1 Rfe8 20. Rad1 Re2 21. Qd4 a6 22. Rf2 Rxf2 23. Qxf2 Ng4 24. Qh4 Qf4 25. Rf1 Qxd2 26. Qxg4 Re1 27. Qf3 Rxf1+ 28. Qxf1 Qxb2 29. Qe1 Kf8 30. h3 Qxa2 31. Qe5 Qb1+ 32. Kh2 Qb5 33. Qd6+ Ke8 34. Qe5+ Kd8 35. Qxg7 Qd7 36. f6 a5 37. Qf8+ Qe8 38. Qc5 a4 39. Qxd5+ Qd7 40. Qa2 b5 41. g4 Qd6+ 42. Kg2 Qc6+ 43. Kh2 Qc4 44. Qa3 Qe2+ 45. Kg3 Qe5+ 46. Kg2 Qxf6 47. Qc5 Kd7 48. Qd5+ Kc7 49. Qa2 Kc6 50. c4 bxc4 51. Qxc4+ Kd6 52. Qxa4 Ke7 53. Qb4+ Ke8 54. Qc5 h6 55. Kg3 Qe6 56. h4 Qe1+ 57. Qf2 Qe5+ 58. Qf4 Qe1+ 59. Qf2 Qe5+ 60. Kh3 f6 61.
Qg3 Qe6 62. Qf4 Qb3+ 63. Kg2 Qc2+ 64. Kf3 Qd1+ 65. Ke4 Qc2+ 66. Ke3 Qc1+ 67. Kf3 Qf1+ 68.
Ke4 Qb1+ 69. Kd5 Qb5+ 70. Ke6 Qc6+ 71. Kf5 Kf7 72. Qe4 Qc5+ 73. Kf4 Qf2+ 74. Qf3 Qxh4 75. Qb7+ Kg6 76. Qe4+ Kf7 77. Qb7+ Kg6 78. Qe4+ Kf7 79. Qb7+ Kg6 80. Qe4+ Kf7 81. Qd5+ Kg6 82. Qe4+ Kf7 83. Qb7+ Kg6 84. Qe4+ 1/2-1/2

[Event "*** Titled Tuesday Blitz"]
[Site "Chess.com"]
[Date "2018.07.03"]
[Round "3"]
[White "SARGISMV"]
[Black "Kirill_Klukin"]
[Result "1/2-1/2"]
[WhiteElo "2334"]
[BlackElo "2569"]
[TimeControl "180+2"]
[EndTime "13:40:37 PDT"]
[Termination "Game drawn by repetition"]

1. d4 Nf6 2. c4 g6 3. Nc3 Bg7 4. e4 d6 5. Nf3 O-O 6. Be2 Na6 7. Be3 e5 8. d5 Nh5 9. O-O Nf4 10. Re1 Nxe2+ 11.
Qxe2 f5 12. Bg5 Qe8 13. exf5 gxf5 14. Rac1 Qh5 15. Bd2 Kh8 16. Nd4 Qf7 17. Ndb5 Rg8 18. Kh1 Qg6 19. f4 e4 20. Be3 c6 21. dxc6 bxc6 22. Nd4 Bd7 23. Rg1 Nc5 24. Rcd1 Nd3 25.
Rxd3 exd3 26. Qxd3 Rae8 27. Nf3 Re7 28. b4 Rge8 29.
Bxa7 Be6 30. Bd4 c5 31. bxc5 dxc5 32. Bxc5 Rc7 33. Bd4 Bxc4 34. Bxg7+ Qxg7 35. Qd2 Rd7 36. Qb2 Red8 37. Ne5 Rb7 38. Qf2 Be6 39. Ne2 Bd5 40. Ng3 Be6 41. Qc5 Qc7 42. Qa3 Ra7 43. Qb2 Kg8 44. Nh5 Qe7 45. a4 Rc7 46. a5 Bd5 47. a6 Be4 48. Qa2+ Bd5 49. Qf2 Kh8 50. Qd4 Kg8 51.
Qf2 Kh8 52. h3 Be4 53. Kh2 Rg8 54. Qd4 Rg7 55. Nxg7 Kxg7 56. a7 Qf6 57. Qxe4 fxe4 58. a8=Q Qxf4+ 59. Kh1 Qxe5 60. Qa3 Re7 61. Qe3 Qf6 62.
Re1 Qg6 63. Kh2 h5 64. Qg3 Re6 65. Re3 Kh7 66. Qc7+ Qg7 67. Qc8 Qe5+ 68. Kh1 Re7 69. Qc6 Qa1+ 70. Kh2 Qe5+ 71. Kh1 Qf5 72. Qd6 Rf7 73. Rg3 Rd7 74. Qb8 Qf7 75. Qe5 Re7 76.
Qg5 Qf1+ 77. Kh2 Qf7 78. h4 Re6 79. Re3 Re7 80. Rg3 Re6 81. Qe3 Rg6 82. Rg5 Qe6 83.
Rxh5+ Kg7 84. Rg5 Qd6+ 85. g3 Qe6 86. h5 Rxg5 87. Qxg5+ Kh7 88. Qe3 Qa2+ 89. Kh3 Qe6+ 90. g4 Qe5 91. Kh4 Qh2+ 92. Kg5 Qe5+ 93. Kh4 Qh2+ 94.
Kg5 Qe5+ 95. Kh4 Qh2+ 1/2-1/2

[Event "*** Titled Tuesday Blitz"]
[Site "Chess.com"]
[Date "2018.07.03"]
[Round "3"]
[White "ahmadzada13"]
[Black "Alopekos"]
[Result "1/2-1/2"]
[WhiteElo "2504"]
[BlackElo "2409"]
[TimeControl "180+2"]
[EndTime "13:42:13 PDT"]
[Termination "Game drawn - insufficient material"]

1. e4 e5 2. Nf3 Nc6 3. Bb5 a6 4. Bxc6 dxc6 5. d4 exd4 6. Qxd4 Qxd4 7. Nxd4 f6 8. Nc3 Bd6 9. Nde2 Ne7 10. Bf4 Ng6 11. Bxd6 cxd6 12. O-O-O Ke7 13. f3 Be6 14. Rd2 Rhd8 15. h4 Ne5 16. Nf4 Bf7 17. Nce2 Nc4 18.
Rd3 Ne5 19. Rd2 Nc4 20. Rd3 Ne5 21. Rdd1 g6 22. Nd4 h5 23. Rd2 d5 24. exd5 Bxd5 25. Re1 Kf7 26. b3 c5 27. Nde2 Bc6 28. Rxd8 Rxd8 29. Nc3 c4 30. Ne4 cxb3 31. axb3 a5 32.
Nc5 Rc8 33. Nce6 Bd7 34. Nd4 a4 35. Kb2 axb3 36. cxb3 Be8 37. Re2 Rd8 38. Kc3 Rc8+ 39. Kb4 Rc1 40. Rc2 Nc6+ 41. Kc3 Rxc2+ 42. Nxc2 Ke7 43.
Nd5+ Kf7 44. Nd4 g5 45. hxg5 fxg5 46. Ne2 Kg6 47. Ne3 Ne5 48. Kd4 Nc6+ 49. Kc3 Bf7 50. b4 Ne7 51. b5 Nd5+ 52. Nxd5 Bxd5 53. Kd4 Be6 54. b6 g4 55. Nf4+ Kf5 56. Nxh5 gxf3 57.
gxf3 Bd7 58. f4 Bc6 59. Ke3 Kg6 60. Ng3 Kf6 61. Kd4 Ke6 62. Kc5 Bf3 63. Kd4 Bc6 64. Kc5 Bf3 65. f5+ Ke5 66. Kb5 Bc6+ 67. Kc5 Bf3 68. Kb5 Bc6+ 69. Kc5 Bf3 70. Nf1 Kxf5 71.
Nd2 Bc6 72. Nc4 Ke6 73. Na5 Bh1 74. Nc4 Bg2 75. Nd6 Kd7 76. Nb5 Bh1 77. Nc3 Bg2 78. Ne2 Bh1 79. Nf4 Bf3 80. Ng6 Bh1 81. Ne5+ Ke7 82. Nc4 Kd7 83. Ne3 Ke7 84. Nc2 Kd7 85.
Nb4 Ke7 86. Nd3 Kd7 87. Nf2 Bg2 88. Ng4 Bh1 89. Nf6+ Ke7 90. Ng4 Kd7 91. Ne3 Ke7 92.
Nd1 Kd7 93. Nf2 Bg2 94. Ng4 Bh1 95. Ne3 Ke7 96. Nc4 Kd7 97. Nd6 Bg2 98. Nf5 Bh1 99.
Ng3 Bg2 100. Nh5 Bh1 101. Nf4 Bf3 102. Kb5 Bc6+ 103. Kc5 Bh1 104. Ng6 Bg2 105. Ne5+ Ke7 106. Nd3 Bh1 107. Nf4 Kd7 108. Ng6 Bg2 109. Kb5 Kd6 110. Nf4 Bc6+ 111. Kc4 Bh1 112. Nd3 Kc6 113. Nc5 Kxb6 114. Nxb7 Kxb7 1/2-1/2

[Event "*** Titled Tuesday Blitz"]
[Site "Chess.com"]
[Date "2018.07.03"]
[Round "4"]
[White "jacky72"]
[Black "Artur0208"]
[Result "0-1"]
[WhiteElo "2619"]
[BlackElo "2473"]
[TimeControl "180+2"]
[EndTime "13:44:32 PDT"]
[Termination "Artur0208 won by checkmate"]

1. d4 d5 2. c4 e6 3. Nc3 Be7 4. Nf3 Nf6 5. Bg5 h6 6. Bh4 O-O 7. e3 b6 8. cxd5 Nxd5 9. Bxe7 Qxe7 10. Bd3 Bb7 11. O-O Nd7 12. Rc1 c5 13. dxc5 Nxc5 14. Bb1 Rfd8 15. Nd4 Nxc3 16. Rxc3 e5 17. Nf5 Qg5 18.
f4 Qxg2# 0-1

[Event "*** Titled Tuesday Blitz"]
[Site "Chess.com"]
[Date "2018.07.03"]
[Round "4"]
[White "Sven_Tica"]
[Black "Bryakin_Mikhail"]
[Result "1/2-1/2"]
[WhiteElo "2656"]
[BlackElo "2623"]
[TimeControl "180+2"]
[EndTime "13:45:14 PDT"]
[Termination "Game drawn by agreement"]

1. d4 d5 2. c4 c6 3. Nf3 Nf6 4. e3 Bf5 5. Nc3 e6 6. Nh4 Be4 7. f3 Bg6 8. Qb3 Qb6 9. Bd2 Nbd7 10. Nxg6 hxg6 11. g3 Qxb3 12. axb3 Be7 13. Bd3 O-O 14. O-O a6 15. f4 Rfc8 16. c5 Ne8 17. b4 f5 18. Kf2 Nc7 19. g4 Nf6 20. g5 Ne4+ 21. Bxe4 dxe4 22. h4 Kf7 23. Kg3 Rh8 24.
Rh1 Rac8 1/2-1/2

[Event "*** Titled Tuesday Blitz"]
[Site "Chess.com"]
[Date "2018.07.03"]
[Round "4"]
[White "Makalexa"]
[Black "maheswaran26"]
[Result "0-1"]
[WhiteElo "2019"]
[BlackElo "1971"]
[TimeControl "180+2"]
[EndTime "13:45:15 PDT"]
[Termination "maheswaran26 won by resignation"]

1. e4 c5 2. Nf3 e6 3. d4 cxd4 4. Nxd4 a6 5. Bd3 Nf6 6. O-O Qc7 7. Qe2 d6 8. c4 g6 9. Nc3 Bg7 10. Kh1 O-O 11. f4 Nbd7 12. Be3 b6 13. Rac1 Bb7 14. f5 exf5 15. exf5 Rae8 16. Qf2 Ng4 0-1

[Event "*** Titled Tuesday Blitz"]
[Site "Chess.com"]
[Date "2018.07.03"]
[Round "4"]
[White "djogrodek1"]
[Black "NguyenDucHoa"]
[Result "1-0"]
[WhiteElo "2494"]
[BlackElo "2510"]
[TimeControl "180+2"]
[EndTime "13:46:02 PDT"]
[Termination "djogrodek1 won by resignation"]

1. e4 c5 2. Nf3 d6 3. d4 cxd4 4.
Nxd4 Nf6 5. Nc3 g6 6. Be3 Bg7 7.
f3 Nc6 8. Qd2 O-O 9. O-O-O Nxd4 10. Bxd4 Be6 11. Kb1 Qc7 12. h4 Rfc8 13. h5 Qa5 14.
hxg6 hxg6 15. a3 Rab8 16. Bd3 b5 17. Qg5 Nh7 18. Rxh7 Kxh7 19. Rh1+ Kg8 20. Bxg7 Kxg7 21. Qh6+ Kf6 22. e5+ Kxe5 23. Qe3+ Kf6 24. Qd4+ 1-0

[Event "*** Titled Tuesday Blitz"]
[Site "Chess.com"]
[Date "2018.07.03"]
[Round "4"]
[White "FairChess_on_YouTube"]
[Black "Bauxi435"]
[Result "1-0"]
[WhiteElo "2916"]
[BlackElo "2431"]
[TimeControl "180+2"]
[EndTime "13:46:02 PDT"]
[Termination "FairChess_on_YouTube won by resignation"]

1. c4 Nf6 2. Nc3 c5 3. Nf3 d5 4. cxd5 Nxd5 5. e3 Nc6 6. Bb5 Nc7 7. Bxc6+ bxc6 8. Qa4 e6 9. O-O Bd6 10. Qxc6+ Ke7 11.
Ne4 Rb8 12. d4 Rb6 13. Qa4 cxd4 14. Nxd4 Bb7 15. Nxd6 Qxd6 16. b3 Qd5 17. Ba3+ Kf6 18. Nf3 h6 19. Qf4+ Kg6 20. Qxc7 Rb5 21. Rad1 Qe4 22.
Rd4 1-0

[Event "*** Titled Tuesday Blitz"]
[Site "Chess.com"]
[Date "2018.07.03"]
[Round "4"]
[White "Shant_Sargsyan"]
[Black "Swarnapuri"]
[Result "1-0"]
[WhiteElo "2892"]
[BlackElo "2564"]
[TimeControl "180+2"]
[EndTime "13:46:12 PDT"]
[Termination "Shant_Sargsyan won by resignation"]

1. Nf3 Nc6 2. d4 d5 3. Bf4 Bg4 4. e3 e6 5. Be2 Bd6 6. Bxd6 cxd6 7. Nbd2 Nf6 8. O-O O-O 9. c3 a6 10. h3 Bh5 11. a4 Rb8 12. b4 a5 13. Qb3 Ne4 14.
Rfe1 Qb6 15. Rab1 Rfc8 16. Nxe4 dxe4 17. Nd2 Bxe2 18. Rxe2 d5 19. b5 Ne7 20. c4 dxc4 21. Nxc4 Qd8 22. Rc2 Nd5 23. Rcc1 Nb4 24. b6 Nc6 25. Qb5 Qd5 26. Qxd5 exd5 27. Nd6 Rd8 28. Nxb7 Nb4 29. Nxd8 1-0

[Event "*** Titled Tuesday Blitz"]
[Site "Chess.com"]
[Date "2018.07.03"]
[Round "4"]
[White "colegiodemadrid"]
[Black "Sordis"]
[Result "1-0"]
[WhiteElo "2220"]
[BlackElo "2266"]
[TimeControl "180+2"]
[EndTime "13:46:46 PDT"]
[Termination "colegiodemadrid won by resignation"]

1. e4 c5 2. Nf3 d6 3. d4 cxd4 4. Nxd4 Nf6 5. Nc3 g6 6. Be3 Bg7 7. f3 O-O 8. Qd2 Nc6 9. O-O-O d5 10. Kb1 e6 11. h3 Nxd4 12. Bxd4 dxe4 13. fxe4 b6 14.
g4 Bb7 15. Bg2 Qe7 16. Rhf1 Rfd8 17. Qf2 Nd7 18. Bxg7 Kxg7 19. h4 Ne5 20. g5 Rac8 21.
Qf4 Nc4 22. h5 gxh5 23. b3 Na3+ 24. Kb2 Qb4 25. Qxf7+ Kh8 26. Qf6+ Kg8 27. Qxe6+ Kh8 28. Rxd8+ Rxd8 29. Qf6+ Kg8 30. Qxd8+ Kg7 31. Qf6+ Kg8 32.
Qf7+ Kh8 33. Qf8+ Qxf8 34. Rxf8+ Kg7 35. Rb8 1-0

[Event "*** Titled Tuesday Blitz"]
[Site "Chess.com"]
[Date "2018.07.03"]
[Round "4"]
[White "Rickstereo"]
[Black "DiamondCrusher22"]
[Result "1-0"]
[WhiteElo "2173"]
[BlackElo "1963"]
[TimeControl "180+2"]
[EndTime "13:46:57 PDT"]
[Termination "Rickstereo won by resignation"]

1. c4 c6 2. Nc3 Nf6 3. e3 d5 4. b3 e5 5. cxd5 cxd5 6. d4 Bb4 7. Bd2 exd4 8. exd4 O-O 9. Bd3 Re8+ 10. Nge2 Qa5 11.
O-O Rxe2 12. Bxe2 Bxc3 13. Bxc3 Qxc3 14. Rc1 Ne4 15. Bf3 Na6 16. Rxc3 Nxc3 17. Qe1 Ne4 18.
Bxe4 dxe4 19. Qxe4 Nc7 20. Rc1 Ne6 21. d5 Nf8 22.
Qe8 1-0

[Event "*** Titled Tuesday Blitz"]
[Site "Chess.com"]
[Date "2018.07.03"]
[Round "4"]
[White "Paralinch"]
[Black "Aleksey_Sorokin"]
[Result "1/2-1/2"]
[WhiteElo "2794"]
[BlackElo "2776"]
[TimeControl "180+2"]
[EndTime "13:47:25 PDT"]
[Termination "Game drawn by repetition"]

1. e4 c5 2. Nf3 d6 3. d4 cxd4 4. Nxd4 Nf6 5. Nc3 a6 6. Be2 e5 7. Nf3 Be7 8. Bg5 Be6 9. Bxf6 Bxf6 10. O-O O-O 11. Nd5 Nd7 12. Re1 Rc8 13. c3 Be7 14. Qd2 Nf6 15. Nxf6+ Bxf6 16. Bd1 Qb6 17. Bb3 Bxb3 18.
axb3 Qxb3 19. Ra3 Qb6 20. Rd1 Rfd8 21. g3 Kf8 22. Ne1 Qc6 23. Qd3 Qc4 24. Nc2 Qxd3 25. Rxd3 Be7 26. Ra1 Rc5 27. Ne3 g6 28. Nd5 Rdc8 29.
Rad1 Bd8 30. Ne3 Be7 31. Nd5 Bd8 32. Ne3 Be7 33. Nd5 Bd8 34. Ne3 1/2-1/2

[Event "*** Titled Tuesday Blitz"]
[Site "Chess.com"]
[Date "2018.07.03"]
[Round "4"]
[White "Joel1285"]
[Black "chesstatour"]
[Result "0-1"]
[WhiteElo "1727"]
[BlackElo "2037"]
[TimeControl "180+2"]
[EndTime "13:47:26 PDT"]
[Termination "chesstatour won by resignation"]

1. d4 f5 2. g3 g6 3. Bg2 Nf6 4. Bg5 Bg7 5. Nf3 O-O 6. O-O d6 7. Bxf6 Bxf6 8. c3 e5 9. dxe5 dxe5 10. Qxd8 Rxd8 11. e3 c5 12. Na3 e4 13. Ne1 Be6 14. Nec2 Nc6 15. Rfd1 Ne5 16. Nb5 Rxd1+ 17. Rxd1 Bxa2 18.
Bf1 Bb3 19. Rd2 0-1

[Event "*** Titled Tuesday Blitz"]
[Site "Chess.com"]
[Date "2018.07.03"]
[Round "4"]
[White "EndgameGrinder"]
[Black "GM_Huschenbeth"]
[Result "0-1"]
[WhiteElo "2449"]
[BlackElo "2459"]
[TimeControl "180+2"]
[EndTime "13:47:28 PDT"]
[Termination "GM_Huschenbeth won by checkmate"]

1. e4 c5 2. Nf3 d6 3. d4 cxd4 4. Nxd4 Nf6 5. Nc3 a6 6. Bg5 Nbd7 7. Qe2 h6 8. Bh4 b5 9. f4 g5 10. fxg5 hxg5 11. Bxg5 e6 12. a3 Bb7 13. O-O-O Rc8 14. h4 Rxc3 15. bxc3 Qa5 16. Kb1 Nxe4 17. Bd2 Qxa3 18.
Nb3 Nb6 19. Rh3 Na4 20. Bc1 Naxc3+ 21. Rxc3 Nxc3# 0-1

[Event "*** Titled Tuesday Blitz"]
[Site "Chess.com"]
[Date "2018.07.03"]
[Round "4"]
[White "Morshynska"]
[Black "bugsbunny444"]
[Result "1/2-1/2"]
[WhiteElo "2156"]
[BlackElo "2373"]
[TimeControl "180+2"]
[EndTime "13:47:31 PDT"]
[Termination "Game drawn by agreement"]

1. d4 e6 2. c4 b6 3. Nc3 Bb7 4. Nf3 f5 5. g3 Nf6 6. Bg2 Bb4 7.
Bd2 O-O 8. O-O Qe7 9. a3 Bxc3 10. Bxc3 d6 11. b4 Nbd7 12. Nd2 Bxg2 13. Kxg2 c6 14. Qc2 d5 15. f3 b5 16. cxb5 cxb5 17. Qd3 a6 18. a4 1/2-1/2

[Event "*** Titled Tuesday Blitz"]
[Site "Chess.com"]
[Date "2018.07.03"]
[Round "4"]
[White "cool4chess"]
[Black "Spring199"]
[Result "0-1"]
[WhiteElo "2042"]
[BlackElo "2188"]
[TimeControl "180+2"]
[EndTime "13:47:45 PDT"]
[Termination "Spring199 won by resignation"]

1. e4 e5 2. Nf3 Nc6 3. Bb5 a6 4. Ba4 Nf6 5. O-O Be7 6. Re1 b5 7. Bb3 d6 8. c3 O-O 9. d4 exd4 10. cxd4 Bg4 11. Be3 Na5 12. Bc2 c5 13. Nbd2 Rc8 14. h3 Bh5 15. Qb1 Bg6 16. Nh4 cxd4 17. Bxd4 Nh5 18.
Nxg6 hxg6 19. b3 Bf6 20. Nf3 Bxd4 21. Nxd4 Qf6 22. Qd1 Nf4 23. Kh2 Rc5 24. Ne2 Rfc8 25. Rc1 Nxe2 26. Rxe2 Nc6 27. Bb1 Qf4+ 28. g3 Qxc1 29.
Qxd6 Nb4 30. a3 Qxb1 31. axb4 Rc1 32. Kg2 Rg1+ 33. Kf3 Qxb3+ 34. Kf4 Qe6 35. Qxe6 fxe6 36. Ra2 Rc6 0-1

[Event "*** Titled Tuesday Blitz"]
[Site "Chess.com"]
[Date "2018.07.03"]
[Round "4"]
[White "eljanov"]
[Black "Blitzstream"]
[Result "1-0"]
[WhiteElo "2638"]
[BlackElo "2458"]
[TimeControl "180+2"]
[EndTime "13:48:02 PDT"]
[Termination "eljanov won by resignation"]

1. c4 Nf6 2. Nc3 g6 3. g3 Bg7 4. Bg2 O-O 5. e4 e5 6. d3 d6 7. Nge2 Nc6 8. O-O Be6 9. Nd5 Bxd5 10. cxd5 Nd4 11. Nxd4 exd4 12. b4 a5 13. b5 Nd7 14.
Bb2 Nc5 15. Rc1 a4 16. Rc4 Qd7 17. Bxd4 Bxd4 18. Rxd4 Qxb5 19. Qc2 Rfe8 20. Rb1 Qa6 21. Rc4 b5 22. Rcb4 Rab8 23. d4 Nd7 24. Bf1 Qa7 25. Bxb5 Rxb5 26. Rxb5 Qxd4 27. R5b4 Qf6 28. Qxa4 Re7 29. Kg2 Nc5 30. Qc2 g5 31. a4 g4 32. Qe2 h5 33. a5 Qe5 34. a6 Qxd5 35. exd5 Rxe2 36. a7 Ra2 37. Rb8+ Kg7 38. a8=Q 1-0

[Event "*** Titled Tuesday Blitz"]
[Site "Chess.com"]
[Date "2018.07.03"]
[Round "4"]
[White "tgpgoat"]
[Black "26andrej26"]
[Result "0-1"]
[WhiteElo "1972"]
[BlackElo "2397"]
[TimeControl "180+2"]
[EndTime "13:48:02 PDT"]
[Termination "26andrej26 won by resignation"]

1. e4 c5 2. Nf3 d6 3. d4 cxd4 4.
Nxd4 Nf6 5. Nc3 a6 6. Be3 e5 7.
Nb3 Be6 8. f3 h5 9. Qd2 Nbd7 10.
O-O-O Rc8 11. Kb1 Be7 12. Nd5 Bxd5 13. exd5 Nb6 14. Qa5 Nc4 15. Bxc4 Rxc4 16. Qxd8+ Bxd8 17. Nd2 Rc8 18. Ne4 Kd7 19. b3 b5 20. a3 Be7 21.
Nxf6+ Bxf6 22. Rd3 g6 23. Rhd1 Bg7 24. R3d2 f5 25.
g3 Rhe8 26. f4 e4 27. Bd4 Bxd4 28. Rxd4 Rc3 29. Kb2 Rf3 30. R1d2 e3 31. Re2 Rf2 32.
Rxf2 exf2 33. Rd1 Re1 0-1

[Event "*** Titled Tuesday Blitz"]
[Site "Chess.com"]
[Date "2018.07.03"]
[Round "4"]
[White "pouya21"]
[Black "kuli4ik"]
[Result "0-1"]
[WhiteElo "2643"]
[BlackElo "2754"]
[TimeControl "180+2"]
[EndTime "13:48:09 PDT"]
[Termination "kuli4ik won by resignation"]

1. e4 e6 2. d4 d5 3. e5 c5 4.
c3 Ne7 5. Nf3 Nec6 6. Bd3 b6 7.
O-O Ba6 8. a3 Bxd3 9. Qxd3 a5 10. Be3 Be7 11. Nbd2 c4 12. Qe2 b5 13. Ne1 O-O 14.
f4 f5 15. exf6 Bxf6 16. Nef3 Na6 17. Bf2 Nc7 18. Bg3 Qd7 19. Ng5 h6 20. Ngf3 b4 21.
axb4 axb4 22. h3 bxc3 23. bxc3 Nb5 24. Qe3 Ne7 25. Rxa8 Rxa8 26. Ne5 Bxe5 27. fxe5 Nf5 28. Qf3 Ra3 29. Nb1 Rb3 30. Bf2 Qe8 31. g4 Nfxd4 32. Qd1 Nc6 33. Bc5 Qg6 34. Rf8+ Kh7 35. Rf3 Rxb1 0-1

[Event "*** Titled Tuesday Blitz"]
[Site "Chess.com"]
[Date "2018.07.03"]
[Round "4"]
[White "Drags95"]
[Black "AsaHoffmann"]
[Result "1-0"]
[WhiteElo "2599"]
[BlackElo "1988"]
[TimeControl "180+2"]
[EndTime "13:48:10 PDT"]
[Termination "Drags95 won by resignation"]

1. Nf3 d6 2. d4 Bg4 3. c4 Nd7 4. Nc3 e5 5. e3 Ngf6 6. Be2 c6 7. h3 Bh5 8. b3 Be7 9. Bb2 O-O 10. g4 Bg6 11. g5 Ne8 12. h4 Bh5 13. Nh2 Bxe2 14.
Nxe2 e4 15. Qc2 d5 16. O-O-O a5 17. f3 Nd6 18. Ng3 exf3 19. Nxf3 a4 20. c5 axb3 21. axb3 Nb5 22. Nf5 Re8 23. Rdg1 Bf8 24. h5 Re4 25. g6 fxg6 26. hxg6 h6 27. Ng5 Qf6 28. Nxe4 Qxf5 29. Ng3 Qxc2+ 30. Kxc2 b6 31. cxb6 Nxb6 32. Ra1 Re8 33.
Nf5 Nd6 34. Nxd6 Bxd6 35. Ra7 Nc8 36. Rd7 Bf8 37. Rf1 Ne7 38. Ba3 Nxg6 39. Bxf8 Nxf8 40.
Rd6 Rc8 41. Kd3 Kh7 42. Rc1 Rb8 43. Rc3 h5 44. Rdxc6 h4 45. e4 dxe4+ 46. Kxe4 Ng6 47. d5 Re8+ 48. Kd4 Re1 49. d6 Rd1+ 50. Kc5 Ne5 51. Rc7 Kh6 52. Re7 Ng6 53. Re6 Kh5 54. Kc6 Nf4 55. Re5+ g5 56. d7 h3 57. Re8 Kg4 58.
d8=Q Rxd8 59. Rxd8 h2 60. Rh8 Nh5 61. Rxh5 Kxh5 62. Rh3+ Kg4 63. Rxh2 1-0

[Event "*** Titled Tuesday Blitz"]
[Site "Chess.com"]
[Date "2018.07.03"]
[Round "4"]
[White "olksuna"]
[Black "QDcoach"]
[Result "0-1"]
[WhiteElo "2459"]
[BlackElo "2667"]
[TimeControl "180+2"]
[EndTime "13:48:12 PDT"]
[Termination "QDcoach won by resignation"]

1. e4 c5 2. Nf3 Nc6 3. Bb5 g6 4. O-O Bg7 5. Re1 Nf6 6. e5 Ng4 7. Bxc6 dxc6 8. h3 Nh6 9. d3 Nf5 10. a4 O-O 11. Bf4 h6 12. Nc3 Be6 13. Ne4 b6 14.
Qd2 Kh7 15. c3 Qd5 16. g4 Rad8 17. gxf5 Bxf5 18. Rad1 c4 19. dxc4 Qxc4 20. Qxd8 Rxd8 21. Rxd8 g5 22. Be3 Qxe4 23. Nd4 Bxh3 24. f3 Qh4 25. Bf2 Qf4 26. Re4 Qc1+ 27. Kh2 Qf1 0-1

[Event "*** Titled Tuesday Blitz"]
[Site "Chess.com"]
[Date "2018.07.03"]
[Round "4"]
[White "saraswathii"]
[Black "Karina_Oparina"]
[Result "1-0"]
[WhiteElo "2321"]
[BlackElo "2205"]
[TimeControl "180+2"]
[EndTime "13:48:19 PDT"]
[Termination "saraswathii won by resignation"]

1. e4 c6 2. d3 d5 3. Nd2 e5 4.
Ngf3 Bd6 5. g3 Nf6 6. Bg2 O-O 7. O-O Nbd7 8. Qe2 Re8 9. Nh4 Qc7 10. Nf5 Bf8 11. Nb3 Nc5 12. Nxc5 Bxc5 13. Bg5 Bxf5 14. Bxf6 Bg6 15. Bg5 dxe4 16. dxe4 f6 17. Bxf6 gxf6 18. Qc4+ Bf7 19. Qxc5 Rad8 20. Rad1 b6 21. Qe3 c5 22. Qh6 Bg6 23. h4 Qg7 24. Qe3 Bh5 25. Rd5 Bf7 26. Rxd8 Rxd8 27. f4 Bc4 28. Rf2 Bxa2 29. fxe5 fxe5 30.
b3 Rf8 31. Rd2 c4 32. b4 Qc7 33. Qg5+ Kh8 34. Qh6 Kg8 35. c3 Bb1 36. Bh3 Bd3 37.
Be6+ Rf7 38. Rf2 1-0

[Event "*** Titled Tuesday Blitz"]
[Site "Chess.com"]
[Date "2018.07.03"]
[Round "4"]
[White "1e41-0"]
[Black "Dr-Bassem"]
[Result "0-1"]
[WhiteElo "2504"]
[BlackElo "2702"]
[TimeControl "180+2"]
[EndTime "13:48:27 PDT"]
[Termination "Dr-Bassem won by checkmate"]

1. d4 Nf6 2. c4 g6 3. Nc3 Bg7 4. e4 d6 5. Nge2 O-O 6. f3 c5 7.
d5 e6 8. Ng3 exd5 9. cxd5 a6 10.
a4 h5 11. Be2 h4 12. Nf1 Nh7 13. Be3 f5 14. exf5 Bxf5 15. Nd2 Nd7 16. O-O Qe7 17. Bf2 Rae8 18. Re1 Qg5 19. Kh1 Ne5 20. Nde4 Qd8 21. f4 Bxe4 22. Nxe4 Rxf4 23. Bf1 Ref8 24. Qc2 Ng5 25. Be3 Rxe4 26. Bxg5 Rxe1 27. Bxd8 Rfxf1# 0-1

[Event "*** Titled Tuesday Blitz"]
[Site "Chess.com"]
[Date "2018.07.03"]
[Round "4"]
[White "Muguet7"]
[Black "krzysztofszczurek"]
[Result "0-1"]
[WhiteElo "2320"]
[BlackElo "2340"]
[TimeControl "180+2"]
[EndTime "13:48:28 PDT"]
[Termination "krzysztofszczurek won by resignation"]

1. d4 Nf6 2. c4 g6 3. Nc3 Bg7 4.
e4 O-O 5. Be2 d6 6. Be3 Nbd7 7.
Nf3 e5 8. d5 Nc5 9. Qc2 a5 10.
O-O b6 11. b3 Ng4 12. Bg5 f6 13. Bh4 h5 14. h3 Nh6 15. a3 g5 16. Bg3 f5 17. b4 Nb7 18. exf5 Nxf5 19. Bh2 g4 20. hxg4 hxg4 21. Nd2 Qh4 22. Nce4 Nd4 23. Qd3 Bf5 24.
Bg3 Qh7 25. Rfc1 Bh6 26. Rd1 Bxd2 27. Qxd2 Nxe2+ 28. Qxe2 Bxe4 29. Qxg4+ Qg6 30. Qd7 Rac8 31. Qc6 Nd8 32. Qd7 Qf5 33. Qb5 axb4 34. axb4 Nf7 35. c5 bxc5 36. bxc5 dxc5 37. Qxc5 Nd6 38. Ra7 Bxg2 39.
Kxg2 Qf3+ 40. Kh2 Qh5+ 41. Kg2 Qxd1 42. Rxc7 Ne4 43. Rg7+ Kxg7 44. Qe7+ Rf7 45. Bxe5+ Kg8 0-1

[Event "*** Titled Tuesday Blitz"]
[Site "Chess.com"]
[Date "2018.07.03"]
[Round "4"]
[White "BasilSmash"]
[Black "David_Paravyan"]
[Result "0-1"]
[WhiteElo "2424"]
[BlackElo "2703"]
[TimeControl "180+2"]
[EndTime "13:48:33 PDT"]
[Termination "David_Paravyan won by resignation"]

1. d4 f5 2. Nf3 Nf6 3. Bg5 e6 4.
Nbd2 Be7 5. Bxf6 Bxf6 6. e4 O-O 7. Bd3 d5 8. exf5 exf5 9. O-O Nc6 10. c3 Qd6 11. Qc2 g6 12. Rfe1 Bd7 13. Re2 Rae8 14.
Rae1 Rxe2 15. Rxe2 Kh8 16. Nb3 b6 17. Nc1 a5 18. a4 Nd8 19. Ne5 Be8 20. Bb5 c6 21.
Bd3 Ne6 22. Re1 c5 23. Ne2 c4 24. Nxc4 dxc4 25. Bxc4 Bd7 26. Nc1 Nf4 27. Nd3 Nxg2 0-1

[Event "*** Titled Tuesday Blitz"]
[Site "Chess.com"]
[Date "2018.07.03"]
[Round "4"]
[White "Durarbayli"]
[Black "NateSolon"]
[Result "1-0"]
[WhiteElo "2660"]
[BlackElo "2393"]
[TimeControl "180+2"]
[EndTime "13:48:34 PDT"]
[Termination "Durarbayli won by resignation"]

1. e4 c5 2. d4 cxd4 3. Nf3 d6 4. Nxd4 Nf6 5. Nc3 Nc6 6. Bg5 Bd7 7. f4 Qb6 8. Nb3 Ng4 9. Qd2 Qe3+ 10. Qxe3 Nxe3 11. Kd2 Nxf1+ 12. Rhxf1 h6 13. Bh4 g5 14. Bg3 Bg7 15.
Rae1 gxf4 16. Bxf4 Rc8 17. Bg3 Ne5 18. Kc1 Nc4 19. Rf3 b5 20. Nd2 Nxd2 21. Kxd2 a5 22. e5 dxe5 23. Bxe5 Bxe5 24. Rxe5 Bc6 25. Rfe3 e6 26.
g3 Ke7 27. Nxb5 Rhd8+ 28. Kc1 Rb8 29. a4 Rd5 30. Rxd5 Bxd5 31. b3 Bc6 32. Nd4 Bd7 33.
Re5 1-0

[Event "*** Titled Tuesday Blitz"]
[Site "Chess.com"]
[Date "2018.07.03"]
[Round "4"]
[White "murmah2003"]
[Black "The_Unbeatable_One"]
[Result "0-1"]
[WhiteElo "2616"]
[BlackElo "2678"]
[TimeControl "180+2"]
[EndTime "13:48:52 PDT"]
[Termination "The_Unbeatable_One won by resignation"]

1. Nf3 d5 2. d4 Nf6 3. c4 c6 4.
Nc3 e6 5. Bg5 dxc4 6. e4 b5 7.
e5 h6 8. Bh4 g5 9. Nxg5 hxg5 10.
Bxg5 Nbd7 11. g3 Bb7 12. Bg2 Qb6 13. exf6 O-O-O 14. O-O c5 15. d5 b4 16. Rb1 Qa6 17. dxe6 Bxg2 18. Kxg2 Qxe6 19. h4 bxc3 20. bxc3 Qc6+ 21. f3 Bh6 22. Qe2 Bxg5 23. hxg5 Nb6 24.
Rfd1 Rde8 25. Qd2 Qe6 26. g4 Qe5 27. Rh1 Rxh1 28. Rxh1 Nd5 29. Kf2 Nf4 30. Rd1 Nd3+ 31. Kg2 Rh8 32. Rh1 Nf4+ 33. Kg1 Ne2+ 34. Kf2 Rxh1 0-1